 Dungeon Crawl Stone Soup version 0.31-a0-1611-g890cdf5628 (webtiles) character file.

Game seed: 982837567574804709

25 Curundu the Chopper (level 2, -2/27 HPs)
             Began as a Minotaur Berserker on Jan 9, 2024.
             Was a Follower of Trog.
             Killed from afar by Sigmund (5 damage)
             ... with a magic dart
             ... on level 2 of the Dungeon.
             The game lasted 00:03:06 (723 turns).

Curundu the Chopper (Minotaur Berserker)             Turns: 723, Time: 00:03:06

Health: -2/27      AC:  6    Str: 21    XL:     2   Next: 86%
Magic:  1/1        EV: 11    Int:  4    God:    Trog [*.....]
Gold:   58         SH:  0    Dex:  9    Spells: 1/1 levels left

rFire   . . .        f - +0 war axe
rCold   . . .        (no shield)
rNeg    . . .        g - +0 ring mail
rPois   .            (helmet restricted)
rElec   .            (no cloak)
rCorr   .            (no gloves)
SInv    .            j - +0 pair of boots
Will    .....        (no amulet) Stlth
                     (no ring)
HPRegen 0.24/turn    (no ring)
MPRegen 0.07/turn

%: no passive effects
@: on berserk cooldown, slowed, very slow
A: horns 2, retaliatory headbutt
a: Renounce Religion, Berserk


You were on level 2 of the Dungeon.
You worshipped Trog.
Trog was aware of your devotion.
You visited 1 branch of the dungeon, and saw 2 of its levels.

You collected 58 gold pieces.

Inventory:

Hand Weapons
 a - a +0 hand axe
 f - a +0 war axe (weapon)
Armour
 g - a +0 ring mail (worn)
 j - a +0 pair of boots (worn)
Potions
 b - a potion of enlightenment {unknown}
 c - a potion of attraction {unknown}
 d - a potion of mutation {unknown}
 e - a potion of brilliance {unknown}
 i - 2 potions of heal wounds {unknown}


   Skills:
 - Level 3.7 Fighting
 + Level 4.9 Axes
 - Level 2.5 Armour
 - Level 2.2 Dodging


You had one spell level left.
You didn't know any spells.
Your spell library was empty.

Dungeon Overview and Level Annotations

Branches:
Dungeon (2/15)

Altars:

Annotations:
D:2 Sigmund


Innate Abilities, Weirdness & Mutations

You have a pair of horns on your head.
You reflexively headbutt those who attack you in melee.


Message History

You slash the hobgoblin!
You kill the hobgoblin!
Trog accepts your kill.
Sigmund the Dreaded comes into view.
He is wielding a +0 scythe.
Sigmund shouts!
Sigmund moves out of view.
Found a dagger.
A rat comes into view.
The rat squeaks loudly.
Sigmund gestures wildly while chanting.
Sigmund flickers and vanishes!
Deactivating autopickup; reactivate with Ctrl-A.
A red film seems to cover your vision as you go berserk!
You feel yourself moving faster!
You feel mighty!
You hear some strange, mumbled words.
You are confused.
You feel a strong urge to attack something.
Something hits you.
You bump into the rock wall.
You feel your anger nearly subside.
You are no longer berserk.
You are exhausted.
You feel yourself slow down.
You slash something! Something barely misses you. Something hits you!
You barely miss something.
You feel less confused. Something hits you.
You miss something. Your headbutt misses something. Something hits you.
You miss something.
You hear some strange, mumbled words.
Something tries to affect you, but you resist.
Something barely misses you.
You barely miss something. Your headbutt misses something. Something hits you!
* * * LOW HITPOINT WARNING * * *
You completely miss something.
The rat twitches its whiskers.
You hear some strange, mumbled words.
A magic dart appears from out of thin air!
The magic dart hits you.
You die...

#..# ...# #r. .@.
..# ###.### ...
..... #.#
###.##########.#
#.#
##.....r{@......#
#.#
##..##.###########
#.# #..###.#
.##.###.####)#
....>......#.#
###.###.##.#..
###.##..##.###
.....)......
..##.##.##..


You could see a rat.

Vanquished Creatures
  3 endoplasms (D:1)
  2 giant cockroaches (D:1)
  3 goblins
  4 hobgoblins
  2 jackals (D:1)
  A ball python (D:1)
  2 bats (D:1)
  2 kobolds (D:1)
  3 rats (D:1)
22 creatures vanquished.

Notes
Turn   | Place    | Note
-------+----------+-------------------------------------------
     0 | D:1      | Curundu the Minotaur Berserker began the quest for the Orb.
     0 | D:1      | Reached XP level 1. HP: 19/19 MP: 0/0
   187 | D:1      | Reached skill level 4 in Axes
   225 | D:1      | Reached XP level 2. HP: 26/27 MP: 1/1
   703 | D:2      | Noticed Sigmund
   723 | D:2      | Killed from afar by Sigmund

Illustrated notes

Levels and vault maps discovered:
D:1:      minmay_arrival_four_houses, layout_rooms, chequers_hall_statues_wall_a
D:2:      layout_basic, hellmonk_ecumenical_altar_slurped_away, uniq_sigmund

Skill      XL: |  1 |
---------------+----+-----
Axes           | 4 |  4.9
Fighting       | |  3.7
Armour         | |  2.5
Dodging        | |  2.2

Action                     || total
---------------------------++-------
  Melee: War axe           ||    42
         Hand axe          ||     2
         Headbutt          ||     2
 Invoke: Berserk           ||     1
    Use: Scroll            ||     1
 Armour: Ring mail         ||    25
         Animal skin       ||     3
  Dodge: Dodged            ||    37

Table legend: (Time is in decaauts)
 A = Elapsed time spent in this place.
 B = Non-inter-level travel time spent in this place.
 C = Inter-level travel time spent in this place.
 D = Time resting spent in this place.
 E = Time spent auto-exploring this place.
 F = Levels seen in this place.
 G = Mean time per level.
                   A        B        C        D        E       F      G
               +--------+--------+--------+--------+--------+-----+--------+
         Total |    735 |    735 |      0 |      0 |    506 |   2 |  367.5 |
       Dungeon |    735 |    735 |      0 |      0 |    506 |   2 |  367.5 |
               +--------+--------+--------+--------+--------+-----+--------+

Top non-repeatable levels by time:
     D:1: 651 daAuts
     D:2: 84 daAuts
